 Dungeon Crawl Stone Soup version 0.17.2-1-ge4368a0 (webtiles) character file.

91 Goblin1989 the Sneak (level 4, -2/22 HPs)
             Began as a Spriggan Assassin on Sept 29, 2016.
             Slain by a sky beast (5 damage)
             ... on level 3 of the Dungeon.
             The game lasted 00:05:43 (1985 turns).

Goblin1989 the Sneak (Spriggan Assassin)            Turns: 1985, Time: 00:05:43

Health: -2/22      AC:  4    Str:  7    XL:     4   Next: 33%
Magic:  5/5        EV: 18    Int: 12    God:
Gold:   129        SH:  0    Dex: 18    Spells: 0 memorised, 3 levels left

rFire  . . .     SeeInvis +     a - +2 dagger
rCold  . . .     Clarity  .     c - +0 robe
rNeg   . . .     SustAt   .     (shield restricted)
rPois  .         Gourm    .     (helmet restricted)
rElec  .         Spirit   .     d - +1 cloak
rCorr  .         Warding  .     (gloves unavailable)
rMut   .         Stasis   .     (boots unavailable)
MR     .....                    (no amulet)
Stlth  ++++......               (no ring)
                                (no ring)

@: very quick, not resistant to hostile enchantments, stealthy
A: unfitting armour, see invisible, herbivore 3, speed 3, slow metabolism 2
a: no special abilities


You were on level 3 of the Dungeon.
You were not hungry.

You visited 1 branch of the dungeon, and saw 3 of its levels.

You collected 129 gold pieces.

Inventory:

Hand Weapons
 a - a +2 dagger (weapon)
 q - a +0 blowgun {@w1}
Missiles
 e - 31 poisoned needles
 f - 2 curare-tipped needles
Armour
 c - a +0 robe (worn)
 d - a +1 cloak (worn)
Jewellery
 u - an uncursed ring of protection from fire {unknown}
Wands
 s - a wand of draining (7)
Scrolls
 h - a scroll of recharging {unknown}
 j - 7 scrolls of identify {unknown}
 m - a scroll of remove curse {@r2}
 r - a scroll of enchant armour
 t - a scroll of teleportation {unknown}
 M - a scroll of magic mapping
Potions
 b - 3 potions of invisibility {unknown}
 i - a potion of agility {unknown}
 k - 2 potions of curing {unknown}
 l - 2 potions of heal wounds {unknown}
 n - a potion of beneficial mutation {unknown}
 o - a potion of ambrosia {unknown}
 p - a potion of lignification {unknown}
Comestibles
 g - 4 bread rations


   Skills:
 - Level 1.5 Fighting
 * Level 4.0 Short Blades
 - Level 2.0 Throwing
 + Level 3.1 Dodging
 + Level 6.7 Stealth


You had 3 spell levels left.
You didn't know any spells.

Dungeon Overview and Level Annotations

Branches:
Dungeon (3/15)

Altars:


Innate Abilities, Weirdness & Mutations

You are tiny and cannot use many weapons and most armour.
You have supernaturally acute eyesight.
You are a herbivore.
You cover ground extremely quickly.
You need consume almost no food.


Message History

You closely miss the sky beast.
The sky beast is severely wounded.
The sky beast barely misses you.
You hit the sky beast.
The sky beast is almost dead.
The sky beast hits you but does no damage.
You hit the sky beast but do no damage.
The sky beast is almost dead.
You barely miss the sky beast.
The sky beast is almost dead.
The sky beast misses you.
You miss the sky beast.
The sky beast is almost dead.
The sky beast hits you. The sky beast shocks you.
You closely miss the sky beast.
The sky beast is almost dead.
The sky beast hits you.
* * * LOW HITPOINT WARNING * * *
The sky beast shocks you.
You die... ਜ ਜ ਜਜਜਜ . ਜਜਜਜਜਜਜਜਜਜ... ਜਜਜਜ .....≈....ਜ ... ...ਜY@.ਜਜਜ ਜਜ. .$.(.......ਜਜਜ ਜਜ.. .ਜ...ਜ...ਜ..)ਜ ਜ... ..........ਜਜ.ਜ ਜਜ.. ਜਜਜਜ

ਜਜਜਜਜਜਜਜਜਜਜਜ.ਜ
ਜਜਜਜ. ਜ..ਜ ਜ.ਜ
ਜਜ.ਜਜਜ ਜ..ਜ
ਜ.ਜਜਜਜਜਜ.ਜ.ਜ.
ਜ.<ਜ
ਜ.........ਜ..
ਜਜਜ..ਜਜਜਜਜਜਜਜਜਜ
ਜਜਜਜਜਜਜਜ.....


You could see a sky beast.

Vanquished Creatures
  3 adders (D:2)
  2 worms
  2 giant geckos (D:2)
  3 orcs (D:3)
  8 bats
  4 giant cockroaches
  7 goblins
  5 hobgoblins
  5 kobolds
  6 giant newts
  3 jackals (D:2)
  7 rats
55 creatures vanquished.

Notes
Turn   | Place    | Note
--------------------------------------------------------------
     0 | D:1      | Goblin1989 the Spriggan Assassin began the quest for the Orb.
     0 | D:1      | Reached XP level 1. HP: 10/10 MP: 2/2
    45 | D:1      | Reached skill level 6 in Stealth
   111 | D:1      | Reached XP level 2. HP: 8/14 MP: 3/3
   615 | D:1      | Reached XP level 3. HP: 18/18 MP: 4/4
  1401 | D:2      | Reached XP level 4. HP: 22/22 MP: 5/5
  1968 | D:3      | Noticed a sky beast
  1985 | D:3      | Slain by a sky beast

Action                   |  1- 3 |  4- 6 || total
-------------------------+-------+-------++-------
Melee: Dagger            |   129 |    55 ||   184
  Use: Scroll            |     6 |       ||     6
 Stab: Sleeping          |    14 |     2 ||    16
       Distracted        |     1 |       ||     1

Vault maps used:
D:1:      dpeg_arrival_round_a
D:2:      first_bread
D:3:      tgw_trog, lemuel_coloured_pillars_altar
